 Dungeon Crawl Stone Soup version 0.19-a0-1111-gcceb26a (webtiles) character file.

42 Jivvin the Grave Robber (level 3, -2/24 HPs)
             Began as a Demonspawn Necromancer on Aug 10, 2016.
             Slain by a worm (11 damage)
             ... on level 2 of the Dungeon.
             The game lasted 00:01:03 (1558 turns).

Jivvin the Grave Robber (Demonspawn Necromancer)    Turns: 1558, Time: 00:01:04

Health: -2/24      AC:  2    Str:  8    XL:     3   Next: 33%
Magic:  2/8        EV: 12    Int: 17    God:
Gold:   54         SH:  0    Dex: 13    Spells: 3 memorised, 2 levels left

rFire  . . .     SeeInvis .     e - +0 dagger
rCold  . . .     Gourm    .     a - +0 robe
rNeg   . . .     Faith    .     (no shield)
rPois  .         Spirit   .     (no helmet)
rElec  .         Dismiss  .     (no cloak)
rCorr  .         Reflect  .     (no gloves)
SustAt .         Harm     .     (no boots)
MR     .....                    (no amulet)
Stlth  ++........               (no ring)
                                (no ring)

@:
A: spiny 2
a: no special abilities


You were on level 2 of the Dungeon.
You were not hungry.

You visited 1 branch of the dungeon, and saw 2 of its levels.

You collected 54 gold pieces.

Inventory:

Hand Weapons
 e - a +0 dagger (weapon)
Armour
 a - a +0 robe (worn)
Jewellery
 g - an uncursed ring of positive energy {unknown}
Scrolls
 h - a scroll of amnesia {unknown}
 i - a scroll of remove curse {unknown}
 j - 3 scrolls of noise {unknown}
 l - a scroll of identify {unknown}
Potions
 d - 2 potions of degeneration {unknown}
 f - a potion of lignification {unknown}
 k - a potion of agility {unknown}
Books
 b - a book of Necromancy

   Spells                             Type                      Level
   a - Pain                           Necromancy                   1
   b - Animate Skeleton               Necromancy                   1
   c - Vampiric Draining              Necromancy                   3
   d - Regeneration                   Charms/Necromancy            3
   e - Animate Dead                   Necromancy                   4
   f - Control Undead                 Necromancy                   4
Comestibles
 c - a bread ration


   Skills:
 - Level 1.7 Dodging
 - Level 1.7 Stealth
 * Level 3.5 Spellcasting
 - Level 4.3 Necromancy


You had 2 spell levels left.
You knew the following spells:

 Your Spells              Type           Power        Failure   Level  Hunger
a - Pain                  Necr           ###.         2%          1    None
b - Vampiric Draining     Necr           ###.......   10%         3    ###....
c - Regeneration          Chrm/Necr      ##........   21%         3    ###....


Dungeon Overview and Level Annotations

Branches:
Dungeon (2/15)

Altars:


Innate Abilities, Weirdness & Mutations

You are mostly covered in sharp spines.


Message History

Casting: Pain
Confirm with . or Enter, or press ? or * to list all spells.
Aiming: Pain
Press: ? - help, Shift-Dir - straight line, f/p - worm
Aim: a worm (moderately wounded, chance to defeat MR: 82%)
The worm writhes in agony!
The worm bites you!
Casting: Pain
Confirm with . or Enter, or press ? or * to list all spells.
Aiming: Pain
Press: ? - help, Shift-Dir - straight line, f/p - worm
Aim: a worm (heavily wounded, chance to defeat MR: 82%)
The worm writhes in agony!
There is a stone staircase leading up here.
Casting: Pain
Confirm with . or Enter, or press ? or * to list all spells.
Aiming: Pain
Press: ? - help, Shift-Dir - straight line, f/p - worm
Aim: a worm (severely wounded, chance to defeat MR: 82%)
The worm barely resists.
The worm bites you!
You die...

##+########
#.........#
+......)..#
#....w@...#
#.........#
#.........#
$...###.....#
... #######
.. #


You could see a worm.

Vanquished Creatures
  A gnoll (D:1)
  2 oozes (D:1)
  A giant gecko (D:1)
  A giant cockroach (D:1)
  6 goblins
  2 hobgoblins (D:1)
  A kobold (D:1)
  3 bats (D:1)
  3 giant newts (D:1)
  A rat (D:1)
21 creatures vanquished.

Notes
Turn   | Place    | Note
-------+----------+-------------------------------------------
     0 | D:1      | Jivvin the Demonspawn Necromancer began the quest for the Orb.
     0 | D:1      | Reached XP level 1. HP: 13/13 MP: 3/3
   410 | D:1      | Gained mutation: You are partially covered in sharp spines. [demonic ancestry]
   410 | D:1      | Reached XP level 2. HP: 15/19 MP: 2/5
  1282 | D:1      | Gained mutation: You are mostly covered in sharp spines. [demonic ancestry]
  1282 | D:1      | Reached XP level 3. HP: 23/24 MP: 4/7
  1287 | D:1      | Learned a level 3 spell: Vampiric Draining
  1291 | D:1      | Learned a level 3 spell: Regeneration
  1558 | D:2      | Slain by a worm

Vault maps used:
D:1:      scummos_arrival_gate
D:2:      kennysheep_generic_room_14

Skill      XL: |  1  2 |
---------------+-------+-----
Spellcasting   | 3 |  3.5
Dodging        | |  1.7
Stealth        | |  1.7
Necromancy     | |  4.3

Action                   || total
-------------------------++-------
Melee: Dagger            ||    26
 Cast: Pain              ||    34
 Stab: Sleeping          ||     1
  Eat: Chunk             ||     2
Armor: Robe              ||     1
Dodge: Dodged            ||    14
